 Dungeon Crawl Stone Soup version 0.21-a0-498-g1b60429 (webtiles) character file.

11 Gorice the Skirmisher (level 2, -1/25 HPs)
             Began as a Demonspawn Wanderer on Nov 24, 2017.
             Slain by a kobold
             ... wielding a +0 short sword
              (2 damage)
             ... on level 1 of the Dungeon.
             The game lasted 00:02:48 (648 turns).

Gorice the Skirmisher (Demonspawn Wanderer)          Turns: 648, Time: 00:02:49

Health: -1/25      AC:  5    Str: 11    XL:     2   Next: 13%
Magic:  5/5        EV: 12    Int: 13    God:
Gold:   26         SH:  0    Dex: 13    Spells: 5/5 levels left

rFire    . . .     SeeInvis .   g - -3 hand axe (curse)
rCold    . . .     Gourm    .   (no shield)
rNeg     . . .     Faith    .   e - +1 robe
rPois    .         Spirit   .   (no helmet)
rElec    .         Reflect  .   (no cloak)
rCorr    .         Harm     .   (no gloves)
MR       .....                  (no boots)
Stlth    ++........             (no amulet)
HPRegen  0.08/turn              (no ring)
MPRegen  0.09/turn              (no ring)

@: no status effects
A: slimy green scales 1
a: no special abilities


You were on level 1 of the Dungeon.
You were not hungry.

You visited 1 branch of the dungeon, and saw 1 of its levels.

You collected 26 gold pieces.

Inventory:

Hand Weapons
 a - a +2 dagger
 c - a +0 short sword
 d - a +0 spear
 g - a cursed -3 hand axe (weapon)
Missiles
 j - 5 tomahawks (quivered)
 Y - 5 stones
Armour
 e - a +1 robe (worn)
Scrolls
 b - a scroll of fear {!r}
Potions
 h - a potion of mutation {unknown}
 i - a potion of cancellation {unknown}
Comestibles
 f - 2 bread rations {!e}
 k - 7 chunks of flesh


   Skills:
 + Level 3.6 Fighting
 - Level 1.0 Dodging
 - Level 1.7 Stealth
 - Level 2.0 Spellcasting
   Level 1.0 Conjurations
   Level 1.0 Evocations


You had 5 spell levels left.
You didn't know any spells.

Dungeon Overview and Level Annotations

Branches:
Dungeon (1/15)

Altars:


Innate Abilities, Weirdness & Mutations

You are partially covered in slimy green scales. (AC +2)


Message History

You hit the giant cockroach.
You kill the giant cockroach!
No target in view!
You butcher the hobgoblin corpse.
k - 8 chunks of flesh (gained 2)
You see here a giant cockroach corpse.
You butcher the giant cockroach corpse.
k - 10 chunks of flesh (gained 2) As you open the door, it creaks loudly!
A kobold comes into view. It is wielding a short sword.
You hear a shout!
The kobold misses you.
There is an open door here.
You hit the kobold but do no damage. The kobold hits you with a short sword.
Some of the chunks of flesh in your inventory have rotted away.
A kobold comes into view. It is wielding a short sword.
Damage: 5 (max 5)
You closely miss the kobold. The kobold hits you but does no damage.
The kobold hits you with a short sword.
Damage: 4 (max 5)
The kobold shouts!
You hit the kobold.
The kobold is moderately wounded.
The kobold closely misses you.
You closely miss the kobold.
The kobold is moderately wounded.
You miss the kobold. The kobold hits you with a short sword!
* * * LOW HITPOINT WARNING * * *
The kobold barely misses you.
Damage: 7 (max 7)
You are too injured to fight recklessly!
You are too injured to fight recklessly!
You are too injured to fight recklessly!
Unknown command.
You are too injured to fight recklessly!
Unknown command.
Unknown command.
You are too injured to fight recklessly!
You hit the kobold but do no damage.
The kobold is moderately wounded.
You barely miss the kobold. The kobold hits you with a short sword.
* * * LOW HITPOINT WARNING * * *
The kobold hits you with a short sword.
* * * LOW HITPOINT WARNING * * *
Damage: 6 (max 7)
You hit the kobold.
The kobold is severely wounded.
You closely miss the kobold.
The kobold hits you but does no damage. x2
The kobold hits you with a short sword.
You die...

........###.#.#.
#
................
#######.###.#.#.
########.###.#
.........#...#
.........#.#
.........#.#
.........#K# ###
#####....#@#.....
###...K..#
#......# #......#
#........
......####
#.#+#... #. #####
#.


You could see 2 kobolds.

Vanquished Creatures
  A giant cockroach (D:1)
  A goblin (D:1)
  2 hobgoblins (D:1)
  2 bats (D:1)
  2 kobolds (D:1)
  2 rats (D:1)
10 creatures vanquished.

Notes
Turn   | Place    | Note
-------+----------+-------------------------------------------
     0 | D:1      | Gorice the Demonspawn Wanderer began the quest for the Orb.
     0 | D:1      | Gorice set off with: a +2 dagger, a scroll of fear {!r}, a +0 short sword, a +0 spear, a +0 robe, a bread ration {!e}
     0 | D:1      | Reached XP level 1. HP: 18/18 MP: 3/3
    79 | D:1      | HP: 5/18 [rat (3)]
    80 | D:1      | HP: 2/18 [rat (3)]
   155 | D:1      | HP: 5/18 [bat (1)]
   160 | D:1      | HP: 4/18 [bat (1)]
   172 | D:1      | HP: 4/18 [bat (1)]
   442 | D:1      | Gained mutation: You are partially covered in slimy green scales. (AC +2) [demonic ancestry]
   442 | D:1      | Reached XP level 2. HP: 11/24 MP: 5/5
   646 | D:1      | HP: 7/25 [kobold/short sword (7)]
   647 | D:1      | HP: 1/25 [kobold/short sword (4)]
   648 | D:1      | Slain by a kobold

Vault maps used:
D:1:      scummos_arrival_checkerplants, hex_intersection

Action                   || total
-------------------------++-------
Melee: Hand axe          ||    69
  Use: Scroll            ||     3
Armor: Robe              ||    42
Dodge: Dodged            ||    75

Table legend:
 A = Spawn XP
 B = Non-spawn XP
 C = Spawn XP percentage of total XP
 D = Spawn monster count
 E = Non-spawn monster count
 F = Spawn count percentage of total count
 G = Total turns spent on level
                    A         B        C        D         E        F      G
               +---------+---------+-------+---------+---------+-------+---------
         Total |       0 |      16 |   0.0 |       0 |      10 |   0.0 |   648
               +---------+---------+-------+---------+---------+-------+---------
           D:1 |       0 |      16 |   0.0 |       0 |      10 |   0.0 |   648
               +---------+---------+-------+---------+---------+-------+---------

Table legend:
 A = Turns spent in this place as a percentage of turns spent in the entire game.
 B = Non-inter-level travel turns spent in this place as a percentage of non-inter-level travel turns spent in the entire game.
 C = Inter-level travel turns spent in this place as a percentage of turns spent in this place.
 D = Turns resting spent in this place as a percentage of non-inter-level travel turns spent in this place.
 E = Turns spent auto-exploring this place as a percentage of non-inter-level travel turns spent in this place.
 F = Non-inter-level travel turns spent in this place divided by the number of levels of this place that you've seen.
                   A       B       C       D       E      F
               +-------+-------+-------+-------+-------+----------------------
         Total | 100.0 | 100.0 |   2.5 |  57.4 |  12.5 | 632.0
       Dungeon | 100.0 | 100.0 |   2.5 |  57.4 |  12.5 | 632.0
               +-------+-------+-------+-------+-------+----------------------

Vault maps used:
D:1:      scummos_arrival_checkerplants, hex_intersection
